 Dungeon Crawl Stone Soup version 0.26.0-16-gc1dbca0489 (webtiles) character file.

Game seed: 17200930502200283288

5479 Gauvater the Blocker (level 11, -15/86 HPs)
             Began as a Formicid Fighter on Jan 17, 2021.
             Was a Believer of Zin.
             Demolished by an orc warlord
             ... wielding a +1 great sword of freezing
              (44 damage)
             ... in a bailey.
             The game lasted 00:46:44 (10654 turns).

Gauvater the Blocker (Formicid Fighter)            Turns: 10654, Time: 00:46:45

Health: -15/86     AC: 17    Str: 32    XL:     11   Next: 0%
Magic:  16/16      EV:  9    Int: 12    God:    Zin [**....]
Gold:   409        SH: 19    Dex: 13    Spells: 10/10 levels left

rFire    . . .     SeeInvis +   t - +4 mace (protect)
rCold    + . .     Faith    .   C - +1 tower shield
rNeg     . . .     Spirit   .   b - +0 scale mail
rPois    ∞         Reflect  .   (helmet unavailable)
rElec    .         Harm     .   o - +0 cloak
rCorr    .         Rampage  .   v - +0 pair of gloves
Will     +....                  (no boots)
Stlth    ..........             (no amulet)
HPRegen  0.24/turn              l - +6 ring of strength
MPRegen  0.15/turn              D - ring of protection from cold

@: mighty, vitalised, protection aura
A: permanent stasis, dig shafts and tunnels, four strong arms, antennae 3
a: Dig, Renounce Religion, Recite, Vitalisation, Donate Gold


You were in a bailey.
You worshipped Zin.
Zin was pleased with you.
You visited 2 branches of the dungeon, and saw 9 of its levels.
You also visited: Sewer, Ossuary and Bailey.

You collected 454 gold pieces.
You donated 45 gold pieces to Zin.

Inventory:

Hand Weapons
 a - a +0 war axe
 t - a +4 mace of protection (weapon)
Missiles
 f - 29 bolts
 g - 113 arrows
 i - 355 stones
 r - 50 sling bullets
 A - 3 boomerangs (quivered)
 B - 10 poisoned darts
Armour
 b - a +0 scale mail (worn)
 c - a +0 kite shield
 o - a +0 cloak (worn)
 s - a +1 scale mail of willpower
 v - a +0 pair of gloves (worn)
 w - a +0 plate armour
 C - a +1 tower shield (worn)
 H - +2 acid dragon scales
Jewellery
 k - an uncursed ring of protection from cold
 l - a +6 ring of strength (left hand)
 u - an uncursed ring of wizardry
 D - a ring of protection from cold (right hand)
Wands
 E - a wand of flame (15)
Scrolls
 h - 4 scrolls of amnesia
 m - 3 scrolls of remove curse
 y - a scroll of immolation
Potions
 d - 3 potions of might
 e - 2 potions of curing {unknown}
 j - 3 potions of heal wounds
 n - 2 potions of ambrosia
 p - 2 potions of lignification
 q - a potion of brilliance {unknown}
 x - 2 potions of mutation
 z - 9 potions of flight
 F - a potion of magic {unknown}


   Skills:
 * Level 8.3 Fighting
 + Level 6.1(7.4) Axes
 + Level 6.3(7.5) Maces & Flails
 + Level 1.8 Throwing
 + Level 6.4 Armour
 + Level 2.8 Dodging
 + Level 1.2 Stealth
 + Level 8.3 Shields
 * Level 7.1 Invocations


You had 10 spell levels left.
You didn't know any spells.
Your spell library was empty.

Dungeon Overview and Level Annotations

Branches:
Dungeon (8/15)             Temple (1/1) D:5           Sewer (visited)
Ossuary (visited)          Bailey (1/1)
   Lair: D:8-11

Altars:
Ashenzari
Cheibriados
Dithmenos
Elyvilon
Fedhas
Gozag
Hepliaklqana
Kikubaaqudgha
Makhleb
Nemelex Xobeh
Okawaru
Qazlal
Ru
Sif Muna
Trog
Uskayaw
Vehumet
Wu Jian
Xom
Yredelemnul
Zin
The Shining One

Annotations:
D:3 1 runed translucent door, Crazy Yiuf


Innate Abilities, Weirdness & Mutations

You cannot be hasted, slowed, berserked, paralysed or teleported.
You can dig through walls and to a lower floor.
Your four strong arms can wield two-handed weapons with a shield.
You have a pair of large antennae on your head. (SInv)


Message History

The orc knight roars a battlecry!
The orc warrior goes into a battle-frenzy!
The orc warlord hits you with a +1 great sword of freezing!!
* * * LOW HITPOINT WARNING * * *
The orc warlord freezes you.
* * * LOW HITPOINT WARNING * * *
You feel much better. You block the orc knight's attack.
The gnoll suddenly looks very angry at the Dungeon.
Okay, then.
You sock the orc warlord!
The orc warlord is heavily wounded.
You block the orc warlord's attack.
The gnoll hits the hobgoblin with a +0 hand axe!
The hobgoblin is killed!
The orc knight hits you with a +0 war axe!!
* * * LOW HITPOINT WARNING * * *
You feel much better.
The goblin is no longer dazed.
The orc warlord hits you with a +1 great sword of freezing!!!
Ouch! That really hurt!
You die...

##)####...........####+##
##.....##.......g.##.....##
#.)).)..#....g....#.......#
##.......##..))...##.......##
#.........#..og{o.#.........#
##.........###go{###.........##
#.....⌠.....###o###.....⌠.....#
##.........##88o88##.........##
#.........#...o@..#.........#
##...)...##.......##)......##
#......)).........')......#
##.....##)........##.....##
#######.....⌠.....#######
##.........## #.........#
##.......## #.?...!?#


You could see an orc warlord (strong), 2 orc knights, 2 orc warriors, a gnoll
(confused), a hobgoblin (dazed) and a goblin.

Vanquished Creatures
  Pikel (D:7)
  An orc knight (Bailey)
  Maggie (D:7)
  Prince Ribbit (D:8)
  3 hogs (D:7)
  A yak (D:7)
  A human (D:7)
  A wraith (Ossuary)
  Duvessa (D:7)
  9 orc warriors
  3 ice beasts
  A sky beast (D:5)
  Purgy (Sewer)
  4 ogres
  A centaur (D:6)
  3 lemures (D:7)
  A gnoll sergeant (D:8)
  3 bullfrogs
  Dowan (D:7)
  2 wyvern skeletons
  A scorpion (D:5)
  3 wights (D:7)
  3 howler monkeys
  A centaur zombie (D:6)
  A jelly (D:5)
  4 orc priests
  2 orc wizards
  2 iguanas (D:5)
  2 worker ants
  Terence (D:3)
  4 mummies
  Robin (D:3)
  17 gnolls
  8 adders
  A river rat (D:6)
  A shadow imp (D:7)
  2 white imps (D:5)
  An ufetubus (D:6)
  An adder skeleton (D:6)
  3 dart slugs
  3 leopard geckos
  34 orcs
  2 ball pythons (Sewer)
  8 giant cockroaches
  A gnoll zombie (Ossuary)
  39 goblins
  22 hobgoblins
  2 jackals (D:2)
  4 quokkas
  9 bats
  13 frilled lizards
  4 goblin zombies (Ossuary)
  2 hobgoblin zombies (Ossuary)
  A jackal zombie (D:5)
  5 kobolds
  3 kobold zombies (Ossuary)
  9 rats
260 creatures vanquished.

Vanquished Creatures (collateral kills)
  A hobgoblin (Bailey)
1 creature vanquished.

Vanquished Creatures (others)
  A hobgoblin zombie (Ossuary)
1 creature vanquished.

Grand Total: 262 creatures vanquished

Notes
Turn   | Place    | Note
-------+----------+-------------------------------------------
     0 | D:1      | Gauvater the Formicid Fighter began the quest for the Orb.
     0 | D:1      | Reached XP level 1. HP: 18/18 MP: 1/1
   156 | D:1      | Reached XP level 2. HP: 24/24 MP: 2/2
   517 | D:1      | Reached XP level 3. HP: 13/30 MP: 3/3
  1512 | D:2      | Reached XP level 4. HP: 26/37 MP: 4/4
  2454 | D:2      | Reached XP level 5. HP: 35/42 MP: 5/5
  2544 | D:3      | Noticed Terence
  2632 | D:3      | Noticed Robin
  2651 | D:3      | Killed Robin
  2824 | D:3      | Killed Terence
  2963 | D:3      | Reached XP level 6. HP: 46/48 MP: 6/6
  3292 | D:3      | Found a runed translucent door.
  3293 | D:3      | Noticed Crazy Yiuf
  3583 | D:4      | Found a sand-covered staircase.
  3615 | Ossuary  | Entered an ossuary
  3615 | Ossuary  | Noticed a wraith
  3615 | Ossuary  | Noticed a wraith
  3615 | Ossuary  | Noticed a wraith
  3891 | Ossuary  | Noticed a wraith
  3906 | Ossuary  | Killed a wraith
  3907 | Ossuary  | Reached skill level 1 in Throwing
  3907 | Ossuary  | Reached skill level 1 in Dodging
  3907 | Ossuary  | Reached XP level 7. HP: 28/55 MP: 7/7
  4091 | Ossuary  | Reached skill level 5 in Shields
  5512 | D:5      | Entered Level 5 of the Dungeon
  5525 | D:5      | Reached skill level 5 in Fighting
  5601 | D:5      | Reached skill level 5 in Axes
  5790 | D:5      | Found a staircase to the Ecumenical Temple.
  5802 | Temple   | Entered the Ecumenical Temple
  6116 | Temple   | Became a worshipper of Zin the Law-Giver
  6116 | Temple   | Reached * piety under Zin
  6160 | D:5      | Reached XP level 8. HP: 62/62 MP: 8/8
  6316 | D:5      | Reached skill level 1 in Invocations
  6955 | D:5      | Reached ** piety under Zin
  7232 | D:6      | Found a stormy altar of Qazlal.
  7277 | D:6      | Reached skill level 5 in Armour
  7535 | D:6      | Reached skill level 1 in Maces & Flails
  7554 | D:6      | Reached XP level 9. HP: 67/69 MP: 11/11
  7635 | D:6      | Found a glowing drain.
  7647 | Sewer    | Entered a sewer
  7672 | Sewer    | Noticed Purgy
  7699 | Sewer    | Killed Purgy
  8642 | D:7      | Noticed Pikel
  8658 | D:7      | Killed Pikel
  8745 | D:7      | Found a basalt altar of Yredelemnul.
  8816 | D:7      | Noticed Duvessa
  8818 | D:7      | Noticed Dowan
  8839 | D:7      | Killed Duvessa
  8873 | D:7      | Killed Dowan
  8916 | D:7      | Reached skill level 5 in Invocations
  8971 | D:7      | Noticed Maggie
  8982 | D:7      | Reached XP level 10. HP: 68/78 MP: 13/13
  9003 | D:7      | Killed Maggie
  9425 | D:7      | Reached *** piety under Zin
  9454 | D:7      | Reached skill level 5 in Maces & Flails
  9738 | D:8      | Noticed Prince Ribbit
  9770 | D:8      | Killed Prince Ribbit
 10099 | D:8      | Found a flagged portal.
 10107 | Bailey   | Entered a bailey
 10280 | Bailey   | Noticed an orc knight
 10331 | Bailey   | Killed an orc knight
 10332 | Bailey   | Reached skill level 1 in Stealth
 10528 | Bailey   | Reached XP level 11. HP: 70/86 MP: 16/16
 10617 | Bailey   | Noticed an orc knight
 10617 | Bailey   | Noticed an orc warlord
 10618 | Bailey   | Noticed an orc knight
 10653 | Bailey   | HP: 2/86 [orc knight/+0 war axe (29)]
 10654 | Bailey   | Demolished by an orc warlord

Illustrated notes

Levels and vault maps discovered:
D:1:      dpeg_arrival_round_b, layout_loops_corners, serial_forest,
          infiniplex_forest_lined_room_3, infiniplex_forest_split,
          infiniplex_forest_lined_room_2, infiniplex_forest_straight_1
D:2:      layout_basic, chequers_hall_statues_y
D:3:      layout_basic, uniq_terence, uniq_robin, uniq_crazy_yiuf_cottage
D:4:      layout_gridville, gup_ossuary_entry_pyramid, serial_park_tiny_pond
D:5:      layout_basic, minmay_temple_entry_hall
D:6:      layout_basic, gup_sewer_entry_bubbles, st_stairs_3,
          grunt_qazlal_clouds
D:7:      layout_basic, kennysheep_mini, grunt_livestock, uniq_maggie,
          uniq_duvessa, uniq_pikel
D:8:      layout_loops_cross, enter_bailey_3, uniq_prince_ribbit1
Temple:   nicolae_temple_the_god_donut
Bailey:   bailey_axe_minmay_hex_keep, bailey

Skill      XL: |  1  2  3  4  5  6  7  8  9 10 |
---------------+-------------------------------+-----
Shields        | 4 5 7 8 |  8.3
Axes           | 3 4 5 6 |  6.1
Fighting       | 4 5 6 7 8 |  8.3
Armour         | 4 5 6 |  6.4
Throwing       | 1 |  1.8
Dodging        | 1 2 |  2.8
Invocations    | 3 5 7 |  7.1
Maces & Flails | 1 4 6 |  6.3
Stealth        | 1 |  1.2

Action                   |  1- 3 |  4- 6 |  7- 9 | 10-12 || total
-------------------------+-------+-------+-------+-------++-------
Melee: War axe           |    95 |   195 |   117 |       ||   407
       Mace              |       |       |   261 |   312 ||   573
Throw: Stone             |       |    33 |     4 |       ||    37
       Boomerang         |       |       |    10 |    19 ||    29
       Dart              |       |       |       |     1 ||     1
Invok: Recite            |       |       |       |    10 ||    10
       Vitalisation      |       |       |       |     5 ||     5
 Abil: Dig               |       |     1 |     8 |     4 ||    13
  Use: Potion            |       |     2 |       |     7 ||     9
       Scroll            |       |     1 |    12 |     5 ||    18
 Stab: Invisible         |       |       |       |     3 ||     3
       Confused          |       |       |       |     2 ||     2
Armor: Scale mail        |    75 |    98 |   119 |    51 ||   343
Dodge: Dodged            |    44 |    76 |    88 |    49 ||   257
Block: Kite shield       |    69 |    90 |    58 |       ||   217
       Tower shield      |       |       |   247 |   244 ||   491
